 Dungeon Crawl Stone Soup version 0.28-a0-863-g8cecda6153 (webtiles) character file.

Game seed: 13764589269210883074

2537 mcbry74 the Cleaver (level 9, -1/82 HPs)
             Began as a Hill Orc Fighter on Nov 16, 2021.
             Was an Initiate of the Shining One.
             Slain by a vampire (4 damage)
             ... on level 8 of the Dungeon.
             The game lasted 00:27:24 (8204 turns).

mcbry74 the Cleaver (Hill Orc Fighter)              Turns: 8204, Time: 00:27:24

Health: -1/82      AC: 13    Str: 19    XL:     9   Next: 55%
Magic:  13/13      EV:  9    Int: 11    God:    the Shining One [......]
Gold:   349        SH:  4    Dex: 10    Spells: 8/8 levels left

rFire   . . .      SeeInvis .   a - +0 war axe
rCold   . . .      Faith    .   c - +0 buckler
rNeg    . . .      Spirit   .   v - +2 scale mail {Will+}
rPois   .          Reflect  .   (no helmet)
rElec   .          Harm     .   (no cloak)
rCorr   .          Rampage  .   e - +2 pair of gloves
Will    ++...                   (no boots)
Stlth   ..........              (no amulet)
HPRegen 0.23/turn               G - ring of willpower
MPRegen 0.13/turn               (no ring)

@: mighty, glowing
A: no striking features
a: Renounce Religion


You were on level 8 of the Dungeon.
You worshipped the Shining One.
The Shining One was noncommittal.
You visited 2 branches of the dungeon, and saw 9 of its levels.

You collected 349 gold pieces.

Inventory:

Hand Weapons
 a - a +0 war axe (weapon)
Missiles
 t - 36 poisoned darts (quivered)
 u - 13 boomerangs
Armour
 b - a +0 scale mail
 c - a +0 buckler (worn)
 e - a +2 pair of gloves (worn)
 v - a +2 scale mail of willpower (worn)
Jewellery
 r - a ring of ice
 s - a ring of ice
 G - a ring of willpower (left hand)
Wands
 w - a wand of flame (14)
 y - a wand of iceblast (14)
Scrolls
 f - 3 scrolls of vulnerability {unknown}
 g - 2 scrolls of teleportation {unknown}
 h - 3 scrolls of noise {unknown}
 i - 2 scrolls of fear {unknown}
 l - 3 scrolls of enchant armour {unknown}
 o - a scroll of immolation {unknown}
 p - 2 scrolls of fog {unknown}
 q - 2 scrolls of magic mapping {unknown}
 x - 5 scrolls of identify {unknown}
 z - a scroll of amnesia {unknown}
 F - a scroll of silence {unknown}
Potions
 d - 2 potions of might
 j - 5 potions of curing {unknown}
 k - 3 potions of lignification {unknown}
 m - 3 potions of degeneration {unknown}
 n - a potion of attraction {unknown}
 A - a potion of haste {unknown}
 B - a potion of brilliance {unknown}
 C - a potion of magic {unknown}
 D - a potion of flight {unknown}
 E - 2 potions of ambrosia {unknown}


   Skills:
 - Level 8.8 Fighting
 - Level 9.8 Axes
 - Level 7.3 Armour
 - Level 3.2 Shields
 + Level 6.5 Invocations


You had 8 spell levels left.
You didn't know any spells.
Your spell library contained the following spells:

 Spells                   Type           Power      Damage    Failure   Level
 Foxfire                  Conj/Fire      0%         2x1d4     71%         1
 Pain                     Necr           0%         1d4       71%         1
 Shock                    Conj/Air       0%         1d3       71%         1
 Conjure Flame            Conj/Fire      0%         6-21      97%         3
 Inner Flame              Hex/Fire       0%         N/A       97%         3
 Flame Wave               Conj/Fire      0%         3d3       100%        4
 Agony                    Necr           0%         N/A       100%        5
 Excruciating Wounds      Necr           0%         N/A       100%        5


Dungeon Overview and Level Annotations

Branches:
Dungeon (8/15)             Temple (1/1) D:6
   Lair: D:8-11

Altars:
Ashenzari
Cheibriados
Dithmenos
Elyvilon
Fedhas
Gozag
Hepliaklqana
Kikubaaqudgha
Makhleb
Nemelex Xobeh
Okawaru
Qazlal
Ru
Sif Muna
Trog
Uskayaw
Vehumet
Wu Jian
Xom
Yredelemnul
Zin
The Shining One

Shops:
D:1 ((   D:6 :   D:7 *


Message History

You slash the vampire!
The vampire is severely damaged.
The vampire draws life force from you!
The vampire is healed by the life force!
You hit the vampire.
The vampire is heavily damaged.
The vampire draws life force from you!
The vampire is healed by the life force!
You barely miss the vampire.
The vampire is moderately damaged.
The vampire hits you. The vampire bites you!
* * * LOW HITPOINT WARNING * * *
The vampire draws strength from your injuries!
You barely miss the vampire.
The vampire is lightly damaged.
The vampire hits you but does no damage.
The vampire bites you but does no damage.
You feel very mighty all of a sudden. The vampire hits you.
* * * LOW HITPOINT WARNING * * *
The vampire barely misses you.
You barely miss the vampire.
The vampire is lightly damaged.
You block the vampire's attack. The vampire completely misses you.
You hit the vampire.
The vampire is moderately damaged.
The vampire gestures wildly while chanting.
The vampire flickers and vanishes!
Deactivating autopickup; reactivate with Ctrl-A.
You hit something. Something hits you.
* * * LOW HITPOINT WARNING * * *
Something bites you but does no damage.
You closely miss something. Something hits you.
* * * LOW HITPOINT WARNING * * *
Something bites you!
* * * LOW HITPOINT WARNING * * *
Something draws strength from your injuries!
You barely miss something. Something hits you but does no damage.
Something bites you.
You die...

..#........# .....#
..#........# .....#
..#........# .....#
..#+##.#########.....#
.##.##.###......#
.#.......#......#
.+.......'......#
#..##...#...).{######
#.. #...#####..@....#
#. #..... +......!# #
#...... #.$.....#
######## #.......#
#########


There were no monsters in sight!

Vanquished Creatures
  A wyvern (D:7)
  3 yaks (D:6)
  Menkaure (D:5)
  Duvessa (D:5)
  An orc warrior (D:6)
  A sky beast (D:5)
  2 necrophages
  3 ogres
  A centaur (D:8)
  A phantom (D:4)
  A wyvern zombie (D:6)
  2 bullfrogs
  2 scorpions
  A water moccasin zombie (D:6)
  A wyvern skeleton (D:7)
  Dowan (D:5)
  A bullfrog zombie (D:6)
  3 jellies
  A centaur skeleton (D:7)
  2 hounds
  4 orc wizards
  2 hound skeletons
  7 adders
  A shadow imp (D:5)
  2 ufetubi
  A worm (D:2)
  4 dart slugs
  17 orcs
  5 ball pythons
  9 endoplasms
  5 giant cockroaches (D:1)
  5 hobgoblins
  3 jackals (D:2)
  5 kobolds
  3 quokkas
  9 bats
  5 frilled lizards
  2 goblins
  12 rats
131 creatures vanquished.

Vanquished Creatures (others)
  8 plants (D:8)
8 creatures vanquished.

Grand Total: 139 creatures vanquished

Notes
Turn   | Place    | Note
-------+----------+-------------------------------------------
     0 | D:1      | mcbry74 the Hill Orc Fighter began the quest for the Orb.
     0 | D:1      | Reached XP level 1. HP: 19/19 MP: 1/1
    40 | D:1      | Reached skill level 3 in Axes
    59 | D:1      | Found a faded altar of an unknown god.
    69 | D:1      | Got Plato's Papyrus of Confrontation
   163 | D:2      | Reached XP level 2. HP: 22/26 MP: 2/2
   245 | D:2      | Reached skill level 4 in Axes
   434 | D:2      | Noticed a necrophage
   444 | D:2      | Killed a necrophage
   445 | D:2      | Reached skill level 5 in Axes
   445 | D:2      | Reached XP level 3. HP: 19/34 MP: 3/3
   445 | D:2      | Reached XP level 4. HP: 23/41 MP: 4/4
   613 | D:2      | Reached XP level 5. HP: 47/47 MP: 5/5
   794 | D:2      | Reached skill level 5 in Fighting
  1302 | D:4      | Found a hazy altar of Hepliaklqana.
  1315 | D:4      | Reached skill level 6 in Axes
  1495 | D:4      | Noticed a phantom
  1510 | D:4      | Killed a phantom
  1511 | D:4      | Reached XP level 6. HP: 41/56 MP: 6/6
  1921 | D:5      | Entered Level 5 of the Dungeon
  1921 | D:5      | Noticed Duvessa
  1921 | D:5      | Noticed Dowan
  1983 | D:5      | Noticed Menkaure
  2000 | D:5      | Killed Menkaure
  2171 | D:5      | Killed Duvessa
  2172 | D:5      | Reached skill level 7 in Axes
  2172 | D:5      | Reached XP level 7. HP: 10/63 MP: 7/7
  2175 | D:5      | Killed Dowan
  2528 | D:5      | Reached skill level 5 in Armour
  3262 | D:5      | Reached skill level 8 in Axes
  3262 | D:5      | Reached XP level 8. HP: 27/73 MP: 8/8
  4387 | D:6      | Found Ricag's Book Boutique.
  4417 | D:6      | Reached skill level 9 in Axes
  4671 | D:6      | Found a staircase to the Ecumenical Temple.
  4671 | D:6      | Noticed a yak
  4671 | D:6      | Noticed a yak
  4671 | D:6      | Noticed a yak
  4681 | D:6      | Killed a yak
  4685 | D:6      | Killed a yak
  4686 | D:6      | Reached XP level 9. HP: 76/82 MP: 9/9
  4790 | Temple   | Entered the Ecumenical Temple
  4861 | Temple   | Became a worshipper of the Shining One
  5022 | D:6      | Reached skill level 1 in Invocations
  6257 | D:1      | Found Jihel's Weapon Boutique.
  6628 | D:1      | Found Byorchiq's Weapon Boutique.
  7030 | D:7      | Reached skill level 5 in Invocations
  7351 | D:7      | Found Sasofuima's CLEARANCE SALE!.
  7810 | D:8      | Noticed a two-headed ogre
  8203 | D:8      | HP: 3/82 [something (9)]
  8204 | D:8      | Slain by a vampire

Illustrated notes

Levels and vault maps discovered:
D:1:      psy_arrival_radial02, layout_basic, serial_shops, nicolae_square_shop,
          nicolae_lakefront_shop, shapermc_ecumenical_altar_rom_forum
D:2:      layout_basic
D:3:      layout_basic, grunt_ministairs_15, feat_on_display
D:4:      layout_gridville, mainiacjoe_overflow_24_doors
D:5:      layout_loops_ring, uniq_menkaure, uniq_duvessa
D:6:      layout_layer_cave, minmay_temple_entry_nine_rooms, serial_shops, shop,
          kennysheep_minor_cross
D:7:      layout_rooms, nicolae_shop_clearance
D:8:      layout_gridville, serial_shops, nicolae_take_the_stairs, minivault_1,
          serial_bayou_lagoon_a
Temple:   mainiacjoe_temple_starburst

Skill      XL: |  1  2  3  4  5  6  7  8  9 |
---------------+----------------------------+-----
Axes           | 3 5 6 7 8 9 |  9.8
Fighting       | 4 5 6 7 8 |  8.8
Armour         | 4 5 7 |  7.3
Invocations    | 6 |  6.5
Shields        | |  3.2

Action                   |  1- 3 |  4- 6 |  7- 9 || total
-------------------------+-------+-------+-------++-------
Melee: War axe           |    56 |   111 |   352 ||   519
Throw: Dart              |       |       |     4 ||     4
  Use: Potion            |     1 |     1 |     2 ||     4
Armor: Scale mail        |    26 |    61 |   177 ||   264
Dodge: Dodged            |    22 |    57 |   134 ||   213
Block: Buckler           |    16 |    14 |    59 ||    89

Table legend: (Time is in decaauts)
 A = Elapsed time spent in this place.
 B = Non-inter-level travel time spent in this place.
 C = Inter-level travel time spent in this place.
 D = Time resting spent in this place.
 E = Time spent auto-exploring this place.
 F = Levels seen in this place.
 G = Mean time per level.
                   A        B        C        D        E       F      G
               +--------+--------+--------+--------+--------+-----+--------+
         Total |   8276 |   7820 |    456 |   2121 |   4111 |   9 |  919.6 |
       Dungeon |   8147 |   7740 |    407 |   2121 |   4058 |   8 | 1018.4 |
        Temple |    128 |     79 |     49 |      0 |     53 |   1 |  128.0 |
               +--------+--------+--------+--------+--------+-----+--------+

Top non-repeatable levels by time:
     D:5: 1960 daAuts
     D:6: 1869 daAuts
     D:2: 1175 daAuts
     D:1: 797 daAuts
     D:4: 713 daAuts
     D:3: 682 daAuts
     D:7: 569 daAuts
     D:8: 380 daAuts
  Temple: 128 daAuts
